Map: [ESL] Moondance

Players

Spirit (souL)

  • Race: Terran Terran
  • League: Master
  • Spawn Location: 6:00

ShoWTimE - Winner!

  • Race: Protoss Protoss
  • Spawn Location: 12:00

Event: HomeStory Cup XXII

VOD

Have the link to the VOD?

Description

Time

  • Played on: Dec. 15, 2022, 7:16 a.m.
  • Length: 8:32

All games in this series

Show
View Real Time Build Order
Export as new Build Order

Spirit Terran 

Build Orders:  

Get SALT Encoding   

  12  0:00  SCV  
  13  0:12  SCV  
  14  0:16  Supply Depot  
  14  0:24  SCV  
  15  0:38  SCV  
  15  0:41  Barracks  
  16  0:44  Refinery  
  16  0:50  SCV  
  17  1:02  SCV  
  18  1:14  SCV  
  19  1:27  Marine  
  19  1:28  Orbital Command  
  20  1:45  Command Center  
  20  1:49  Barracks Reactor  
  20  1:54  SCV  
  21  2:00  Supply Depot  
  21  2:06  SCV  
  22  2:08  Factory  
  22  2:18  SCV  
  23  2:25  Marine x2  
  23  2:26  Bunker  
  24  2:30  SCV  
  24  2:33  Supply Depot  
  24  2:42  SCV  
  24  2:43  Marine x2  
  27  2:54  SCV  
  27  2:55  Command Center  
  27  2:57  Factory Tech Lab  
  28  3:03  Marine x2  
  29  3:06  SCV  
  29  3:07  Supply Depot  
  29  3:16  Cyclone  
  29  3:18  SCV  
  33  3:28  Marine  
  33  3:30  Supply Depot, SCV  
  33  3:33  Supply Depot  
  35  3:43  Refinery  
  35  3:48  Barracks  
  34  3:53  Marine  
  34  3:54  Siege Tank  
  34  3:55  Marine  
  38  3:56  SCV  
  39  4:08  SCV, Orbital Command  
  40  4:11  Marine  
  41  4:20  SCV  
  41  4:21  Barracks  
  41  4:23  Bunker  
  42  4:32  SCV  
  42  4:34  Orbital Command  
  43  4:38  Siege Tank  
  43  4:40  Marine  
  43  4:44  Barracks Tech Lab  
  43  4:45  SCV  
  48  4:49  Engineering Bay  
  48  4:54  Marine  
  48  4:59  SCV x2  
  51  5:06  Marine x2  
  53  5:11  Supply Depot, SCV  
  53  5:13  SCV  
  55  5:21  Marine  
  55  5:23  SCV  
  56  5:30  SCV, Starport  
  56  5:33  Refinery  
  56  5:35  SCV, Refinery  
  58  5:37  Factory Reactor  
  58  5:40  Combat Shield  
  58  5:41  Marine  
  58  5:42  SCV  
  61  5:45  Marauder, Marine  
  61  5:47  SCV  
  64  5:54  SCV  
  63  5:59  SCV, Starport  
  63  6:02  Supply Depot  
  63  6:04  Barracks Tech Lab  
  63  6:05  Marine  
  63  6:07  SCV, Marauder  
  63  6:11  SCV, Marine  
  68  6:16  Factory Reactor  
  68  6:17  Terran Infantry Weapons Level 1  
  69  6:19  SCV  
  69  6:23  Marine  
  69  6:24  Stimpack  
  71  6:26  Marine  
  71  6:27  SCV  
  71  6:28  Marauder, Marine  
  71  6:31  SCV  
  74  6:33  Supply Depot  
  74  6:39  SCV  
  72  6:41  Marine  
  72  6:43  SCV  
  72  6:44  Marine  
  75  6:49  Marauder  
  77  6:55  Marine  
  77  6:57  Medivac x2  
  77  6:59  Concussive Shells, Marine  
  83  7:02  Marauder  
  83  7:03  Supply Depot  
  85  7:10  SCV  
  85  7:11  Marauder  
  85  7:15  Factory Reactor  
  86  7:18  Marine x2  
  88  7:23  Marauder  
  88  7:24  Supply Depot  
  88  7:26  Medivac  
  88  7:27  Medivac  
  88  7:28  Supply Depot  
  93  7:32  Marauder  
  93  7:34  SCV  
  93  7:35  SCV  
  93  7:36  Marine x2  
  93  7:45  Marauder  
  93  7:47  SCV  
  93  7:48  SCV  
  95  7:53  Marine  
  95  7:56  Marine  
  93  7:59  SCV  
  93  8:00  Marine  
  93  8:02  SCV  
  96  8:08  Marine  
  96  8:11  Marine  
Show
View Real Time Build Order
Export as new Build Order

ShoWTimE Protoss - Winner!

Build Orders: Blink Stalkers 

Get SALT Encoding   

  12  0:00  Probe  
  13  0:12  Probe  
  14  0:17  Pylon  
  14  0:24  Probe  
  15  0:35  Gateway  
  15  0:37  Probe  
  16  0:45  Pylon  
  16  0:49  Probe  
  17  0:54  Assimilator  
  17  1:01  Probe  
  18  1:08  Gateway  
  18  1:13  Probe  
  19  1:22  Cybernetics Core  
  19  1:26  Probe  
  19  1:31  Zealot  
  22  1:38  Probe  
  23  1:50  Probe  
  24  1:55  Stalker (Chrono Boost)  
  24  1:56  Adept (Chrono Boost)  
  28  2:02  Pylon  
  28  2:04  Probe  
  29  2:09  Warp Gate  
  29  2:24  Stalker (Chrono Boost)  
  31  2:37  Nexus  
  31  2:41  Probe  
  32  2:45  Adept  
  32  2:50  Assimilator  
  34  2:53  Probe  
  34  3:05  Probe  
  35  3:17  Probe  
  35  3:18  Twilight Council  
  36  3:22  Pylon  
  36  3:30  Probe  
  36  3:33  Gateway  
  37  3:42  Probe  
  37  3:45  Robotics Facility  
  38  3:53  Blink (Chrono Boost)  
  38  3:54  Probe  
  38  3:55  Probe  
  36  4:06  Shield Battery, Probe  
  36  4:07  Probe  
  38  4:15  Shield Battery  
  38  4:18  Probe  
  38  4:19  Probe  
  38  4:23  Stalker  
  42  4:30  Probe, Stalker  
  45  4:33  Probe  
  45  4:36  Observer  
  47  4:42  Probe  
  47  4:44  Stalker  
  50  4:45  Probe  
  51  4:52  Stalker  
  51  4:54  Probe  
  51  4:56  Pylon  
  51  4:58  Probe  
  55  5:04  Stalker  
  55  5:06  Probe  
  58  5:09  Assimilator  
  58  5:10  Probe  
  59  5:17  Stalker  
  59  5:18  Probe  
  59  5:19  Pylon  
  62  5:22  Probe  
  63  5:31  Nexus  
  63  5:32  Probe  
  63  5:34  Probe  
  65  5:40  Charge (Chrono Boost)  
  65  5:44  Probe  
  65  5:46  Probe, Forge  
  67  5:54  Gateway  
  67  5:56  Probe  
  68  5:58  Probe  
  68  6:01  Observer  
  69  6:06  Observer  
  69  6:07  Gateway x2  
  69  6:08  Probe  
  70  6:13  Probe, Protoss Ground Armor Level 1 (Chrono Boost)  
  70  6:16  Gateway  
  69  6:20  Gateway  
  69  6:21  Warp Prism  
  69  6:41  Probe x2  
  69  6:43  Sentry x3  
  69  6:46  Probe  
  75  6:48  Shield Battery  
  75  6:52  Immortal  
  75  6:53  Probe x2  
  77  6:54  Zealot  
  84  7:01  Probe  
  84  7:02  Zealot x2  
  88  7:11  Pylon  
  88  7:13  Zealot x2  
  92  7:18  Pylon  
  92  7:20  Shield Battery, Pylon  
  92  7:24  Pylon  
  92  7:30  Pylon  
  92  7:31  Zealot x4  
  100  7:38  Zealot x4  
  108  7:51  Zealot x4  
  116  8:01  Immortal (Chrono Boost), Pylon  
  116  8:04  Pylon  
  110  8:13  Zealot x4  
  110  8:14  Zealot  
  110  8:16  Stalker x3  
Tags
 
Composition
Blink Stalkers
League
Master
Matchup
PvT
Replay Pack
hsc22
Spawn Locations
Cross Positions
Add a new tag
Caveats
  • Supply blocks, unpowered buildings, or Contaminate may cause inaccurate times.
  • Supply counts are checked every 10 seconds.